 Dungeon Crawl Stone Soup version 0.22-a0-468-ge4a679f (webtiles) character file.

142 Cunctator the Magician (level 5, 0/37 HPs)
             Began as a Gnoll Wizard on June 10, 2018.
             Was an Initiate of the Shining One.
             Slain by Grinder (1 damage)
             ... on level 3 of the Dungeon.
             The game lasted 00:16:43 (3982 turns).

Cunctator the Magician (Gnoll Wizard)               Turns: 3982, Time: 00:16:45

Health: 0/37       AC:  4    Str: 10    XL:     5   Next: 25%
Magic:  5/14       EV: 13    Int: 21    God:    the Shining One [......]
Gold:   180        SH:  0    Dex: 13    Spells: 12/18 levels left

rFire    . . .     SeeInvis .   o - +0 mace
rCold    . . .     Gourm    .   (no shield)
rNeg     . . .     Faith    .   w - +0 leather armour
rPois    .         Spirit   .   b - +0 hat
rElec    .         Reflect  .   (no cloak)
rCorr    .         Harm     .   C - +0 pair of gloves
MR       .....                  (no boots)
Stlth    +.........             (no amulet)
HPRegen  0.12/turn              (no ring)
MPRegen  0.14/turn              (no ring)

@: glowing
A: distributed training, fangs 1, strong nose
a: Renounce Religion


You were on level 3 of the Dungeon.
You worshipped the Shining One.
The Shining One was noncommittal.
You were not hungry.

You visited 1 branch of the dungeon, and saw 4 of its levels.

You collected 180 gold pieces.

Inventory:

Hand Weapons
 j - a +0 club
 m - a +0 hunting sling
 o - a +0 mace (weapon)
 x - a +2 hand axe of chopping
 B - a +2 long sword of slicing
Missiles
 e - 8 bolts
 i - 88 arrows
 k - 38 stones (quivered)
 u - 18 sling bullets
Armour
 a - a +0 robe
 b - a +0 hat (worn)
 t - a +0 buckler
 w - a +0 leather armour (worn)
 C - a +0 pair of gloves (worn)
Scrolls
 f - 3 scrolls of blinking {unknown}
 h - 3 scrolls of amnesia {unknown}
 l - 2 scrolls of remove curse {unknown}
 p - 2 scrolls of enchant weapon {unknown}
 q - a scroll of teleportation {unknown}
 s - a scroll of random uselessness {unknown}
 y - 5 scrolls of identify {unknown}
 D - a scroll of immolation {unknown}
Potions
 c - a potion of lignification {unknown}
 g - 2 potions of might {unknown}
 n - a potion of mutation {unknown}
 r - a potion of curing {unknown}
 v - a potion of flight {unknown}
 z - a potion of brilliance {unknown}
 A - a potion of ambrosia {unknown}
Comestibles
 d - 3 rations


   Skills:
 + Level 1.4 Fighting
 + Level 1.4 Short Blades
 + Level 1.4 Long Blades
 + Level 1.4 Axes
 + Level 1.4 Maces & Flails
 + Level 1.4 Polearms
 + Level 1.4 Staves
 + Level 1.4 Slings
 + Level 1.4 Bows
 + Level 1.4 Crossbows
 + Level 1.4 Throwing
 + Level 1.4 Armour
 + Level 4.7 Dodging
 + Level 4.3 Stealth
 + Level 1.4 Shields
 + Level 1.4 Unarmed Combat
 + Level 7.2 Spellcasting
 + Level 2.3 Conjurations
 + Level 1.1 Hexes
 + Level 1.1 Charms
 + Level 2.3 Summonings
 + Level 1.1 Necromancy
 + Level 2.3 Translocations
 + Level 1.1 Transmutations
 + Level 1.1 Fire Magic
 + Level 1.1 Ice Magic
 + Level 1.1 Air Magic
 + Level 1.1 Earth Magic
 + Level 1.1 Poison Magic
 + Level 1.5 Invocations
 + Level 1.4 Evocations


You had 12 spell levels left.
You knew the following spells:

 Your Spells              Type           Power        Failure   Level  Hunger
a - Magic Dart            Conj           ###.         4%          1    None
b - Blink                 Tloc           N/A          6%          2    None
c - Conjure Flame         Conj/Fire      ###.....     17%         3    None

Your spell library contained the following spells:

 Spells                   Type           Power        Failure   Level  Hunger
 Slow                     Hex            ##......     11%         2    None
 Mephitic Cloud           Conj/Pois/Air  ##......     19%         3    None
 Call Imp                 Summ           ###.....     6%          2    None


Dungeon Overview and Level Annotations

Branches:
Dungeon (4/15)
 Temple: D:4-7

Altars:
Cheibriados
Trog
The Shining One

Annotations:
D:3 Cunctator's ghost, amateur GnWz; Grinder


Innate Abilities, Weirdness & Mutations

Your experience applies equally to all skills.
You have very sharp teeth.
Your uncanny sense of smell can sniff out nearby items.


Message History

You barely resist.
Cunctator's ghost hits you but does no damage.
Casting: Blink (safe; 6% risk of failure)
Confirm with . or Enter, or press ? or * to list all spells.
You blink.
Cunctator's ghost hits you.
Casting: Blink (safe; 6% risk of failure)
Confirm with . or Enter, or press ? or * to list all spells.
You blink.
There is a stone staircase leading up here.
Grinder blinks!
Grinder hits you!
You writhe in agony.
Cunctator's ghost casts a spell at you. The magic dart hits you!
* * * LOW HITPOINT WARNING * * *
Grinder says, "I used to sell toenails on the black market."
Grinder hits you.
* * * LOW HITPOINT WARNING * * *
You writhe in agony.
You die...

###..#####.# ###.# ##..#
#.#####...#### ##...##
#.#..........## ...<..#
#.............## ......##
#..............#
.......###..............#
........................#
.......#ยง.W....[........#
......5..#...<..@.[.....#
........###.)..5..>....##
........####..........##
#...................###
#...............<....#
#....................####
###......................
..!.....#########......
....... ....>.


You could see Grinder and Cunctator's ghost.

Vanquished Creatures
  5 adders
  2 gnolls (D:4)
  2 worms (D:2)
  2 dart slugs
  6 orcs (D:3)
  6 giant cockroaches
  6 hobgoblins
  4 jackals (D:2)
  6 kobolds
  A quokka (D:4)
  A ball python (D:2)
  5 bats
  9 frilled lizards
  4 goblins
  7 rats
66 creatures vanquished.

Notes
Turn   | Place    | Note
-------+----------+-------------------------------------------
     0 | D:1      | Cunctator the Gnoll Wizard began the quest for the Orb.
     0 | D:1      | Reached XP level 1. HP: 13/13 MP: 8/8
   232 | D:1      | Reached XP level 2. HP: 15/19 MP: 1/10
   937 | D:1      | Learned a level 2 spell: Blink
  1256 | D:2      | Found a snail-covered altar of Cheibriados.
  1260 | D:2      | Found a transporter.
  1268 | D:2      | Found a transporter.
  1383 | D:2      | Reached XP level 3. HP: 25/25 MP: 8/11
  1517 | D:2      | Reached skill level 1 in Invocations
  1762 | D:2      | Reached skill level 1 in Fighting
  1762 | D:2      | Reached skill level 1 in Short Blades
  1762 | D:2      | Reached skill level 1 in Long Blades
  1762 | D:2      | Reached skill level 1 in Axes
  1762 | D:2      | Reached skill level 1 in Maces & Flails
  1762 | D:2      | Reached skill level 1 in Polearms
  1762 | D:2      | Reached skill level 1 in Staves
  1762 | D:2      | Reached skill level 1 in Slings
  1762 | D:2      | Reached skill level 1 in Bows
  1762 | D:2      | Reached skill level 1 in Crossbows
  1762 | D:2      | Reached skill level 1 in Throwing
  1762 | D:2      | Reached skill level 1 in Armour
  1762 | D:2      | Reached skill level 1 in Shields
  1762 | D:2      | Reached skill level 1 in Unarmed Combat
  1762 | D:2      | Reached skill level 1 in Evocations
  1762 | D:2      | Reached XP level 4. HP: 32/32 MP: 9/13
  1844 | D:2      | Found a glowing golden altar of the Shining One.
  1892 | D:2      | Became a worshipper of the Shining One
  1973 | D:2      | Noticed a moth of wrath
  1976 | D:2      | Found a bloodstained altar of Trog.
  2415 | D:2      | Learned a level 3 spell: Conjure Flame
  2715 | D:3      | Noticed Grinder
  2802 | D:2      | Reached skill level 1 in Hexes
  2802 | D:2      | Reached skill level 1 in Charms
  2802 | D:2      | Reached skill level 1 in Necromancy
  2802 | D:2      | Reached skill level 1 in Transmutations
  2802 | D:2      | Reached skill level 1 in Fire Magic
  2802 | D:2      | Reached skill level 1 in Ice Magic
  2802 | D:2      | Reached skill level 1 in Air Magic
  2802 | D:2      | Reached skill level 1 in Earth Magic
  2802 | D:2      | Reached skill level 1 in Poison Magic
  2932 | D:3      | Noticed Cunctator's ghost (amateur GnWz)
  3498 | D:4      | Reached XP level 5. HP: 37/37 MP: 8/14
  3982 | D:3      | HP: 1/37 [Grinder (4)]
  3982 | D:3      | Slain by Grinder

Vault maps used:
D:1:      nicolae_arrival_somewhat_less_tricky_arrival
D:2:      tgw_trog, gammafunk_temple_overflow_arena,
          nicolae_tso_swordbearing_angel
D:3:      uniq_grinder
D:4:      okawaru_trees_1, uniq_pikel, uniq_crazy_yiuf_cottage

Skill      XL: |  1  2  3  4 |
---------------+-------------+-----
Conjurations   | 2 |  2.3
Summonings     | 2 |  2.3
Translocations | 2 |  2.3
Invocations    | 1 |  1.5
Fighting       | 1 |  1.4
Short Blades   | 1 |  1.4
Long Blades    | 1 |  1.4
Axes           | 1 |  1.4
Maces & Flails | 1 |  1.4
Polearms       | 1 |  1.4
Staves         | 1 |  1.4
Slings         | 1 |  1.4
Bows           | 1 |  1.4
Crossbows      | 1 |  1.4
Throwing       | 1 |  1.4
Armour         | 1 |  1.4
Shields        | 1 |  1.4
Unarmed Combat | 1 |  1.4
Evocations     | 1 |  1.4
Hexes          | 1 |  1.1
Charms         | 1 |  1.1
Necromancy     | 1 |  1.1
Transmutations | 1 |  1.1
Fire Magic     | 1 |  1.1
Ice Magic      | 1 |  1.1
Air Magic      | 1 |  1.1
Earth Magic    | 1 |  1.1
Poison Magic   | 1 |  1.1
Dodging        | |  4.7
Stealth        | |  4.3
Spellcasting   | |  7.2

Action                   |  1- 3 |  4- 6 || total
-------------------------+-------+-------++-------
Melee: Unarmed           |     7 |       ||     7
       Club              |     4 |       ||     4
       Bite              |     2 |       ||     2
       Mace              |     2 |     7 ||     9
 Cast: Magic Dart        |    71 |   113 ||   184
       Blink             |     3 |    10 ||    13
 Stab: Sleeping          |     1 |       ||     1
  Eat: Chunk             |     2 |     4 ||     6
       Ration            |       |     1 ||     1
Armor: Robe              |    19 |       ||    19
       Leather armour    |       |     9 ||     9
Dodge: Dodged            |    65 |    32 ||    97

Table legend:
 A = Spawn XP
 B = Non-spawn XP
 C = Spawn XP percentage of total XP
 D = Spawn monster count
 E = Non-spawn monster count
 F = Spawn count percentage of total count
 G = Total turns spent on level
                    A         B        C        D         E        F      G
               +---------+---------+-------+---------+---------+-------+---------
         Total |       0 |     204 |   0.0 |       0 |      66 |   0.0 |  3982
               +---------+---------+-------+---------+---------+-------+---------
           D:1 |       0 |      28 |   0.0 |       0 |      19 |   0.0 |  1549
           D:2 |       0 |      75 |   0.0 |       0 |      25 |   0.0 |  1733
           D:3 |       0 |      58 |   0.0 |       0 |      18 |   0.0 |   357
           D:4 |       0 |      43 |   0.0 |       0 |       4 |   0.0 |   343
               +---------+---------+-------+---------+---------+-------+---------
